 Dungeon Crawl Stone Soup version 0.25-a0-1126-g5fd7b56c60 (webtiles) character file.

Game seed: 324687544889785419, levelgen mode: deterministic

33 Chiseanne the Skirmisher (level 3, -7/28 HPs)
             Began as a Demonspawn Wanderer on May 19, 2020.
             Killed from afar by Sigmund (11 damage)
             ... with a puff of flame
             ... on level 2 of the Dungeon.
             The game lasted 00:02:02 (987 turns).

Chiseanne the Skirmisher (Demonspawn Wanderer)       Turns: 987, Time: 00:02:02

Health: -7/28      AC:  8    Str: 13 (14) XL:     3   Next: 12%
Magic:  3/3        EV:  3    Int: 12 (13) God:
Gold:   61         SH:  0    Dex:  9 (11) Spells: 2/2 levels left

rFire    . . .     SeeInvis .   a - +2 mace
rCold    . . .     Gourm    .   b - +0 kite shield
rNeg     . . .     Faith    .   k - +0 chain mail
rPois    .         Spirit   .   (no helmet)
rElec    .         Reflect  .   (no cloak)
rCorr    .         Harm     .   i - -1 pair of gloves (curse)
MR       .....                  (no boots)
Stlth    ..........             (no amulet)
HPRegen  0.09/turn              (no ring)
MPRegen  0.08/turn              (no ring)

@: confused
A: large bone plates 1
a: no special abilities


You were on level 2 of the Dungeon.
You were not hungry.

You visited 1 branch of the dungeon, and saw 2 of its levels.

You collected 61 gold pieces.

Inventory:

Hand Weapons
 a - a +2 mace (weapon)
 d - a +0 dagger
Missiles
 e - 44 stones (quivered)
Armour
 b - a +0 kite shield (worn)
 i - a cursed -1 pair of gloves (worn)
 k - a +0 chain mail (worn)
Scrolls
 g - a scroll of enchant weapon {unknown}
 h - a scroll of identify {unknown}
 m - a scroll of fog {unknown}
Potions
 n - a potion of brilliance {unknown}
Comestibles
 c - a chunk of flesh
 f - 2 rations


   Skills:
 * Level 2.7 Fighting
 - Level 1.7 Maces & Flails
 * Level 1.3 Armour
 * Level 1.4 Dodging
 - Level 1.7 Stealth
 * Level 0.4 Shields
   Level 1.7 Charms
   Level 1.1 Necromancy


You had 2 spell levels left.
You didn't know any spells.
Your spell library contained the following spells:

 Spells                   Type           Power        Failure   Level  Hunger
 Corpse Rot               Necr/Air       N/A          100%        2    ###....
 Sublimation of Blood     Necr           #.........   100%        2    ###....


Dungeon Overview and Level Annotations

Branches:
Dungeon (2/15)

Altars:

Annotations:
D:2 Sigmund


Innate Abilities, Weirdness & Mutations

You are partially covered in large bone plates. (SH +4)


Message History

Sigmund is almost dead.
Sigmund laughs darkly.
Sigmund mumbles some strange words.
Sigmund flickers and vanishes!
Deactivating autopickup; reactivate with Ctrl-A.
You closely miss something.
You hear some strange, mumbled words.
You are confused.
You hear some strange, mumbled words.
A magic dart appears from out of thin air!
The magic dart hits you.
* * * LOW HITPOINT WARNING * * *
Something hits you but does no damage.
It was a potion of degeneration.
There was something very wrong with that liquid.
You feel weakened.
You feel dopey.
You feel clumsy.
You hear some strange, mumbled words.
A puff of flame appears from out of thin air!
The puff of flame hits you!
You die...

.. #.##+####
#.......#
#.......#
#.?.....#
####.......#
.......>...#
####.....@..#
............####
##.....{.......
######'##....$..
#<.....# .......
######.# .......
### .......
....... .......


There were no monsters in sight!

Vanquished Creatures
  An ooze (D:1)
  A dart slug (D:1)
  2 leopard geckos (D:1)
  2 bats (D:1)
  A goblin (D:1)
  6 hobgoblins
  4 frilled lizards (D:1)
  4 kobolds (D:1)
  4 rats (D:1)
25 creatures vanquished.

Notes
Turn   | Place    | Note
-------+----------+-------------------------------------------
     0 | D:1      | Chiseanne the Demonspawn Wanderer began the quest for the
                  | Orb.
     0 | D:1      | Chiseanne set off with the following items: a +2 mace, a +0
                  | robe, a +0 dagger, a ration; and the following spells
                  | available to memorise: Sublimation of Blood, Corpse Rot
     0 | D:1      | Reached XP level 1. HP: 16/16 MP: 1/1
   297 | D:1      | Reached skill level 1 in Dodging
   297 | D:1      | Gained mutation: You are partially covered in large bone
                  | plates. (SH +4) [demonic ancestry]
   297 | D:1      | Reached XP level 2. HP: 16/23 MP: 2/2
   775 | D:1      | Reached XP level 3. HP: 28/28 MP: 3/3
   962 | D:2      | Noticed Sigmund
   987 | D:2      | Killed from afar by Sigmund

Illustrated notes

Levels and vault maps discovered:
D:1:      co_arrival_random_square_maze, layout_basic, hangedman_decor_points
D:2:      layout_basic, minmay_tromino_v4_a, uniq_sigmund

Skill      XL: |  1 |
---------------+----+-----
Dodging        | 1 |  1.4
Fighting       | |  2.7
Maces & Flails | |  1.7
Armour         | |  1.3
Stealth        | |  1.7
Shields        | |  0.4
Charms         | |  1.7
Necromancy     | |  1.1

Action                   || total
-------------------------++-------
Melee: Mace              ||    72
  Use: Potion            ||     3
Armor: Robe              ||     1
       Chain mail        ||    21
Dodge: Dodged            ||    20
Block: Kite shield       ||    19
       Other             ||     1

Table legend:
 A = Non-vault XP
 B = Vault XP
 C = Vault XP percentage of total XP
 D = Non-vault monster count
 E = Vault monster count
 F = Vault count percentage of total count
                 A         B        C        D         E       F
            +---------+---------+-------+---------+---------+-------
      Total |      48 |       0 |   0.0 |      25 |       0 |   0.0
            +---------+---------+-------+---------+---------+-------
        D:1 |      46 |       0 |   0.0 |      24 |       0 |   0.0
        D:2 |       2 |       0 |   0.0 |       1 |       0 |   0.0
            +---------+---------+-------+---------+---------+-------
